 Dungeon Crawl Stone Soup version 0.17.1-2-g5865329 (webtiles) character file.

152 roowan the Ducker (level 5, -3/32 HPs)
             Began as a Tengu Berserker on Feb 13, 2016.
             Was a Believer of Trog.
             Shot with an arrow by a centaur (9 damage)
             ... on level 3 of the Dungeon.
             The game lasted 00:18:58 (2753 turns).

roowan the Ducker (Tengu Berserker)                 Turns: 2753, Time: 00:18:58

Health: -3/32      AC:  6    Str: 19    XL:     5   Next: 34%
Magic:  6/6        EV: 13    Int:  7    God:    Trog [**....]
Gold:   205        SH:  0    Dex: 13    Spells: 0 memorised, 4 levels left

rFire  . . .     SeeInvis .     S - +0 hand axe (flame)
rCold  . . .     Clarity  .     f - +0 leather armour
rNeg   . . .     SustAt   .     (no shield)
rPois  .         Gourm    .     (helmet restricted)
rElec  .         Spirit   .     t - +2 cloak
rCorr  .         Warding  .     (no gloves)
rMut   .         Stasis   .     (boots unavailable)
MR     .....                    (no amulet)
Stlth  +.........               (no ring)
                                (no ring)

@: not resistant to hostile enchantments, very unstealthy
A: beak, talons 3, able to fly 1
a: Fly, Berserk, Trog's Hand, Burn Spellbooks, Renounce Religion


You were on level 3 of the Dungeon.
You worshipped Trog.
Trog was pleased with you.
You were not hungry.

You visited 1 branch of the dungeon, and saw 3 of its levels.

You collected 205 gold pieces.

Inventory:

Hand Weapons
 a - a +0 falchion
 c - a +0 hand axe
 e - a +0 club
 m - a +0 club
 o - a +0 whip
 p - a +0 spear
 r - a +0 short sword
 s - a +0 club
 v - a +0 club
 x - a +0 club
 y - a +0 short sword
 z - a cursed -3 club
 A - a +0 club
 B - a +0 whip
 E - a cursed -1 dagger
 F - a +0 club
 G - a +0 dagger
 H - a +0 club
 I - a +0 club
 L - a +0 hunting sling
 M - a +0 club
 N - a +0 flail
 Q - a +0 hand axe
 S - a +0 hand axe of flaming (weapon)
 U - a cursed +0 dagger
 X - a +0 spear
Missiles
 g - 20 bolts
 i - 2 poisoned needles
 n - 31 stones (quivered)
Armour
 b - a +0 animal skin
 f - a +0 leather armour (worn)
 h - a +0 robe
 k - a +0 leather armour
 t - a +2 cloak (worn)
 w - a +0 robe
 C - a cursed +0 animal skin
 D - a +0 helmet
 O - a +0 scale mail
 P - a +0 scale mail of fire resistance
 V - a +0 chain mail
Jewellery
 u - an uncursed ring of protection from cold {unknown}
Scrolls
 l - 2 scrolls of teleportation {unknown}
 J - 2 scrolls of identify {unknown}
 K - a scroll of noise {unknown}
Potions
 d - a potion of resistance {unknown}
 j - a potion of curing {unknown}
 q - a potion of degeneration {unknown}
 R - a potion of brilliance {unknown}
Comestibles
 T - 2 bread rations
 W - a slice of pizza


   Skills:
 * Level 3.4 Fighting
 - Level 4.0 Long Blades
 + Level 0.4 Throwing
 * Level 2.8 Armour
 * Level 4.5 Dodging
 * Level 0.7 Stealth


You had 4 spell levels left.
You didn't know any spells.

Dungeon Overview and Level Annotations

Branches:
Dungeon (3/15)

Altars:
Kikubaaqudgha
Qazlal


Innate Abilities, Weirdness & Mutations

You have a beak for a mouth.
You have claws for feet.
You can fly.


Message History

You hit the worm. You burn the worm.
You kill the worm!
Trog accepts your kill.
J - 2 scrolls labeled TEIJOC GECUWNU (gained 1)
You see here a jackal corpse.
You now have 205 gold pieces (gained 6).
You see here a jackal corpse.
Found a purple potion.
You enter a teleport trap!
The teleport trap disappears.
Your surroundings suddenly seem different.
Found a spear.
You see here a spear.
X - a spear A centaur comes into view.
The centaur wields a shortbow.
The centaur shoots an arrow.
The arrow hits you!
* * * LOW HITPOINT WARNING * * *
You see here an arrow.
The centaur shoots an arrow.
The arrow barely misses you.
The centaur shoots an arrow.
The arrow hits you!
You die...

#.# #.# #.# #.# #
#.# #.# # #.#
#######.###
#.#####..........
#.........#######
##...........# #
###.#.##...##.# #
#@.....c...##.# #
#(#.#>#....##.# #.
#.#.#......##.###.
#.#.###...........
#.#.# ####.##.###.
#.#.# ##.##†###.
#.#.#####....†....
#.#...........####
#.#######......#


You could see a centaur.

Vanquished Creatures
  An orc priest (D:3)
  Jessica (D:2)
  Robin (D:2)
  2 adders (D:3)
  A worm (D:3)
  4 orcs (D:3)
  2 ball pythons
  A giant cockroach (D:3)
  11 goblins
  5 hobgoblins
  10 jackals
  4 kobolds
  8 bats
  2 giant geckos (D:2)
  4 giant newts
  3 rats
60 creatures vanquished.

Notes
Turn   | Place    | Note
--------------------------------------------------------------
     0 | D:1      | roowan the Tengu Berserker began the quest for the Orb.
     0 | D:1      | Reached XP level 1. HP: 14/14 MP: 2/2
   368 | D:1      | Reached XP level 2. HP: 14/19 MP: 3/3
  1229 | D:2      | Noticed Jessica
  1232 | D:2      | Killed Jessica
  1232 | D:2      | Reached XP level 3. HP: 19/23 MP: 4/4
  1364 | D:2      | Found an ancient bone altar of Kikubaaqudgha.
  1713 | D:2      | Reached XP level 4. HP: 28/28 MP: 5/5
  1776 | D:2      | Noticed Robin
  1810 | D:2      | Reached ** piety under Trog
  1815 | D:2      | Killed Robin
  1918 | D:2      | Found a stormy altar of Qazlal.
  2320 | D:3      | Reached skill level 4 in Long Blades
  2384 | D:3      | Gained mutation: You can fly. [Tengu growth]
  2384 | D:3      | Reached XP level 5. HP: 26/32 MP: 6/6
  2752 | D:3      | Noticed a centaur
  2753 | D:3      | Shot with an arrow by a centaur

Action                   |  1- 3 |  4- 6 || total
-------------------------+-------+-------++-------
Melee: Falchion          |    71 |    48 ||   119
       Hand axe          |       |    23 ||    23
Throw: Stone             |       |     4 ||     4
Invok: Berserk           |     2 |     1 ||     3
       Trog's Hand       |       |     1 ||     1
  Eat: Bread ration      |     1 |     1 ||     2
